 Seeded DCSS version 0.30.1-9-gdf580d7c3d (webtiles) character file.

Game seed: 5 (custom seed)

1152 Kazon the Chopper (level 8, -5/60 HPs)
             Began as a Human Fighter on Oct 2, 2023.
             Was a Follower of Makhleb.
             Slain by Duvessa
             ... wielding a +0 short sword
              (15 damage)
             ... on level 6 of the Dungeon.
             The game lasted 00:13:07 (3754 turns).

Kazon the Chopper (Human Fighter)                   Turns: 3754, Time: 00:13:08

Health: -5/60      AC: 10    Str: 19    XL:     8   Next: 65%
Magic:  0/19       EV: 10    Int: 11    God:    Makhleb [*.....]
Gold:   243        SH:  6    Dex: 19    Spells: 7/7 levels left

rFire   . . .        v - +0 hand axe (vamp)
rCold   . . .        c - +0 buckler
rNeg    . . .        b - +0 scale mail
rPois   .            l - +0 helmet
rElec   .            (no cloak)
rCorr   .            (no gloves)
SInv    .            r - +1 pair of boots of the Swamp {Regen+ Int+3}
Will    .....        E - amulet of guardian spirit
Stlth   +            u - ring of magical power
HPRegen 1.10/turn    y - +6 ring of dexterity
MPRegen 0.16/turn

%: guardian spirit
@: no status effects
A: no striking features
a: Renounce Religion


You were on level 6 of the Dungeon.
You worshipped Makhleb.
Makhleb was aware of your devotion.
You visited 2 branches of the dungeon, and saw 7 of its levels.

You collected 243 gold pieces.

Inventory:

Hand Weapons
 e - a +2 vampiric dagger
 f - a +0 hand axe of flaming
 v - a +0 vampiric hand axe (weapon)
Missiles
 a - 10 stones
 j - 4 boomerangs (quivered)
 G - 4 poisoned darts
Armour
 b - a +0 scale mail (worn)
 c - a +0 buckler (worn)
 i - a +0 tower shield
 l - a +0 helmet (worn)
 r - the +1 pair of boots of the Swamp (worn) {Regen+ Int+3}
   (You acquired it on level 1 of the Dungeon)

   Int:       It affects your intelligence (+3).
   Regen:     It increases your rate of health regeneration.
Jewellery
 u - a ring of magical power (left hand)
 y - a +6 ring of dexterity (right hand)
 E - an amulet of guardian spirit (around neck)
Wands
 B - a wand of paralysis (8)
Scrolls
 g - a scroll of fog {unknown}
 m - a scroll of blinking {unknown}
 n - a scroll of teleportation
 o - 2 scrolls of magic mapping {unknown}
 p - a scroll of summoning {unknown}
 q - 2 scrolls of identify {unknown}
 x - a scroll of amnesia {unknown}
 A - a scroll of torment {unknown}
 F - a scroll of poison {unknown}
Potions
 d - a potion of might
 h - a potion of resistance {unknown}
 k - 3 potions of curing {unknown}
 s - 3 potions of flight {unknown}
 t - 2 potions of invisibility {unknown}
 w - a potion of berserk rage {unknown}
 z - 2 potions of heal wounds {unknown}
 C - a potion of lignification {unknown}
 D - a potion of attraction {unknown}


   Skills:
 + Level 4.2 Fighting
 + Level 1.8 Short Blades
 + Level 4.7 Axes
 * Level 3.6 Throwing
 + Level 4.5 Armour
 + Level 2.0 Dodging
 + Level 1.8 Stealth
 + Level 4.1 Shields
 * Level 3.3 Invocations
 * Level 1.6 Evocations


You had 7 spell levels left.
You didn't know any spells.
Your spell library contained the following spells:

 Spells                   Type           Power      Damage    Failure   Level
 Frozen Ramparts          Ice            0%         1d1       98%         3
 Ice Form                 Ice/Tmut       0%         N/A       100%        4
 Summon Ice Beast         Ice/Summ       0%         N/A       100%        4


Dungeon Overview and Level Annotations

Branches:
Dungeon (6/15)             Temple (1/1) D:4

Altars:
Dithmenos
Fedhas
Gozag
Hepliaklqana
Makhleb
Okawaru
Qazlal
Wu Jian
The Shining One

Annotations:
D:6 Duvessa


Message History

Duvessa hits you but does no damage. You block Duvessa's attack.
You hit Duvessa but do no damage.
Duvessa is heavily wounded.
Duvessa misses you.
You hit Duvessa but do no damage.
Duvessa is heavily wounded.
Duvessa hits you but does no damage. Duvessa hits you with a +0 short sword!
* * * LOW HITPOINT WARNING * * *
You hit Duvessa but do no damage.
Duvessa is heavily wounded.
Duvessa hits you but does no damage. Duvessa barely misses you.
You hit Duvessa but do no damage.
Duvessa is heavily wounded.
Duvessa hits you with a +0 short sword.
* * * LOW HITPOINT WARNING * * *
Duvessa barely misses you.
You closely miss Duvessa.
Duvessa is heavily wounded.
You block Duvessa's attack.
You hit Duvessa.
You feel better.
Duvessa is heavily wounded.
Duvessa closely misses you. Duvessa hits you but does no damage.
You hit Duvessa but do no damage.
Duvessa is heavily wounded.
Duvessa misses you.
You hit Duvessa but do no damage.
Duvessa is heavily wounded.
Duvessa barely misses you. x2
You hit Duvessa but do no damage.
Duvessa is heavily wounded.
Duvessa completely misses you. Duvessa hits you with a +0 short sword!
* * * LOW HITPOINT WARNING * * *
You hit Duvessa.
Duvessa is heavily wounded.
You block Duvessa's attack. Duvessa hits you with a +0 short sword!
* * * LOW HITPOINT WARNING * * *
You hit Duvessa but do no damage.
Duvessa is heavily wounded.
Duvessa hits you with a +0 short sword!
You die...

### ##### ####
#.# #..<#
#...###.###.###
#..[......# #
#.....#####
###.##....#
..........#
.......)..#
.......@.##
.......e.#
###+#....#
#....# #....#
#....# ######


You could see Duvessa (berserk).

Vanquished Creatures
  Sigmund (D:4)
  A water moccasin (D:6)
  2 black bears (D:4)
  An ogre (D:5)
  A scorpion (D:4)
  Dowan (D:6)
  A howler monkey (D:6)
  3 hounds (D:5)
  A jelly (D:5)
  2 orc wizards (D:6)
  4 iguanas
  4 gnolls
  8 adders
  An ufetubus (D:4)
  3 worms
  8 orcs
  4 bats
  9 endoplasms
  A giant cockroach (D:1)
  12 goblins
  7 hobgoblins
  11 jackals
  3 kobolds
  3 quokkas (D:4)
  6 ball pythons
  3 frilled lizards
  4 rats
105 creatures vanquished.

Notes
Turn   | Place    | Note
-------+----------+-------------------------------------------
     0 | D:1      | Kazon the Human Fighter began the quest for the Orb.
     0 | D:1      | Reached XP level 1. HP: 18/18 MP: 1/1
    35 | D:1      | Identified a scroll of acquirement
    35 | D:1      | Acquired the +1 pair of boots of the Swamp {Regen+ Int+3}
    55 | D:1      | Reached XP level 2. HP: 21/24 MP: 2/2
   154 | D:1      | Reached XP level 3. HP: 29/29 MP: 3/3
   928 | D:2      | Reached XP level 4. HP: 35/35 MP: 4/4
  1060 | D:2      | Reached skill level 1 in Throwing
  1164 | D:2      | Reached skill level 1 in Stealth
  1205 | D:2      | Reached XP level 5. HP: 41/41 MP: 5/5
  1641 | D:3      | Found a stormy altar of Qazlal.
  1687 | D:3      | Found a faded altar of an unknown god.
  1777 | D:3      | Found a blossoming altar of Fedhas.
  1963 | D:3      | Identified the +2 sling "Qeuhanocyt" {speed, rElec Str-3
                  | Dex+2}
  2090 | D:4      | Found a staircase to the Ecumenical Temple.
  2098 | Temple   | Entered the Ecumenical Temple
  2115 | Temple   | Became a worshipper of Makhleb the Destroyer
  2371 | D:4      | Noticed a black bear
  2379 | D:4      | Killed a black bear
  2380 | D:4      | Reached skill level 1 in Short Blades
  2380 | D:4      | Reached skill level 1 in Invocations
  2380 | D:4      | Reached XP level 6. HP: 47/47 MP: 6/6
  2440 | D:4      | Noticed a black bear
  2448 | D:4      | Killed a black bear
  2478 | D:4      | Noticed Sigmund
  2508 | D:4      | Killed Sigmund
  2509 | D:4      | Reached skill level 1 in Dodging
  2509 | D:4      | Reached XP level 7. HP: 47/53 MP: 8/8
  2709 | D:4      | Found a hazy altar of Hepliaklqana.
  2710 | D:4      | Found a shadowy altar of Dithmenos.
  2710 | D:4      | Noticed a shadow
  2985 | D:5      | Entered Level 5 of the Dungeon
  3184 | D:5      | Reached * piety under Makhleb
  3185 | D:5      | Reached XP level 8. HP: 44/60 MP: 10/10
  3445 | D:5      | Reached skill level 1 in Evocations
  3717 | D:6      | Noticed Dowan
  3723 | D:6      | Noticed Duvessa
  3733 | D:6      | Killed Dowan
  3754 | D:6      | Slain by Duvessa

Illustrated notes

Levels and vault maps discovered:
D:1:      ebering_trefoil_3fold, layout_basic, st_stairs_14, serial_bayou_ford_a
D:2:      layout_basic, hangedman_decor_growths, minmay_close_crescents
D:3:      layout_rooms, mainiacjoe_overflow_concentric_impassable,
          mainiacjoe_overflow_paths, shapermc_ecumenical_altar_acropolis,
          chequers_serial_rivers_micro_b
D:4:      layout_basic, riverfiend_overflow_shadow_ancestor,
          minmay_temple_entry_glass, uniq_sigmund
D:5:      layout_gridville
D:6:      layout_basic, xom_teletrap_fun, uniq_duvessa
Temple:   nicolae_temple_elliptical

Skill      XL: |  1  2  3  4  5  6  7  8 |
---------------+-------------------------+-----
Throwing       | 1 2 3 |  3.6
Stealth        | 1 |  1.8
Axes           | 3 4 |  4.7
Short Blades   | 1 |  1.8
Invocations    | 1 2 3 |  3.3
Dodging        | 1 2 |  2.0
Armour         | 4 |  4.5
Fighting       | 4 |  4.2
Shields        | 4 |  4.1
Evocations     | 1 |  1.6

Action                     |  1- 3 |  4- 6 |  7- 9 || total
---------------------------+-------+-------+-------++-------
  Melee: War axe           |    92 |   112 |       ||   204
         Dagger            |       |    73 |    41 ||   114
         Hand axe          |       |     6 |   170 ||   176
  Throw: Dart              |       |    10 |     4 ||    14
         Stone             |       |     3 |    27 ||    30
         Boomerang         |       |       |     5 ||     5
    Use: Scroll            |     2 |     1 |       ||     3
         Potion            |     1 |       |       ||     1
 Armour: Scale mail        |    49 |   105 |    78 ||   232
  Dodge: Dodged            |    44 |    77 |    92 ||   213
  Block: Buckler           |    26 |    39 |    57 ||   122
